 Dungeon Crawl Stone Soup version 0.25.0-37-gb73750e0fb (console) character file.

Game seed: 911532392206053263

805 Kagalorn the Chiller (level 7, -5/41 HPs)
             Began as an Octopode Ice Elementalist on July 8, 2020.
             Killed from afar by an orc wizard (13 damage)
             ... with a puff of flame
             ... on level 5 of the Dungeon.
             The game lasted 00:10:12 (5052 turns).

Kagalorn the Chiller (Octopode Ice Elementalist)    Turns: 5052, Time: 00:10:13

Health: -5/41      AC:  1    Str:  8    XL:     7   Next: 91%
Magic:  0/13       EV: 14    Int: 19    God:
Gold:   289        SH:  0    Dex: 18    Spells: 10/14 levels left

rFire    . . .     SeeInvis .   a - +2 war axe (elec)
rCold    . . .     Gourm    .   (no shield)
rNeg     . . .     Faith    .   (helmet restricted)
rPois    .         Spirit   +   w - amulet of guardian spirit
rElec    .         Reflect  .   p - +6 ring of dexterity
rCorr    .         Harm     .   (no ring)
MR       .....                  (no ring)
Stlth    ++++......             (no ring)
HPRegen  0.13/turn              (no ring)
MPRegen  0.13/turn              (no ring)
                                (no ring)
                                (no ring)

@: no status effects
A: almost no armour, stealthy swim, amphibious, 8 rings, constrict 8, camouflage
1, gelatinous body 1
a: no special abilities


You were on level 5 of the Dungeon.
You were very hungry.

You visited 1 branch of the dungeon, and saw 5 of its levels.

You collected 289 gold pieces.

Inventory:

Hand Weapons
 a - a +2 war axe of electrocution (weapon)
 s - a cursed -3 spear
 B - a +2 dagger of venom
Missiles
 d - 252 stones
 e - 53 arrows
 i - 92 sling bullets
 n - 97 bolts
 o - 4 javelins
 v - 15 boomerangs
 y - 27 poisoned darts (quivered)
 F - a throwing net
Jewellery
 p - a +6 ring of dexterity (left tentacle)
 w - an amulet of guardian spirit (around mantle)
Scrolls
 c - a scroll of enchant armour {unknown}
 f - 2 scrolls of blinking
 g - a scroll of teleportation {unknown}
 k - a scroll of fear {unknown}
 q - a scroll of magic mapping {unknown}
 r - 6 scrolls of remove curse
 t - a scroll of amnesia {unknown}
 C - a scroll of summoning {unknown}
 E - a scroll of identify {unknown}
Potions
 h - a potion of mutation {unknown}
 j - a potion of degeneration {unknown}
 l - a potion of invisibility {unknown}
 u - a potion of haste {unknown}
 x - a potion of brilliance {unknown}
 z - a potion of might {unknown}
 A - a potion of heal wounds {unknown}
Comestibles
 b - 5 rations


   Skills:
 + Level 3.0 Axes
 - Level 2.0 Dodging
 + Level 6.1 Stealth
 + Level 4.0 Spellcasting
 * Level 6.9 Ice Magic


You had 10 spell levels left.
You knew the following spells:

 Your Spells              Type           Power        Failure   Level  Hunger
a - Freeze                Ice            ####         1%          1    None
b - Frozen Ramparts       Ice            ####..       2%          3    ###....

Your spell library contained the following spells:

 Spells                   Type           Power        Failure   Level  Hunger
 Ozocubu's Armour         Chrm/Ice       ###.....     10%         3    ###....
 Animate Skeleton         Necr           N/A          14%         1    None
 Apportation              Tloc           #.....       14%         1    None
 Corona                   Hex            #......      14%         1    None
 Summon Small Mammal      Summ           #...         14%         1    None
 Hailstorm                Conj/Ice       ###.....     32%         4    ####...
 Summon Ice Beast         Ice/Summ       ###.....     32%         4    ####...


Dungeon Overview and Level Annotations

Branches:
Dungeon (5/15)
 Temple: D:4-7

Altars:
Cheibriados
Ru
Xom

Shops:
D:5 [

Annotations:
D:2 Sigmund


Innate Abilities, Weirdness & Mutations

You cannot wear most types of armour.
You are very stealthy in the water. (Stealth+)
You are amphibious.
You can wear up to eight rings at the same time.
You can use your tentacles to constrict eight enemies at once.
Your skin changes colour to match your surroundings (Stealth+).
Your rubbery body absorbs attacks. (AC +1, EV +1)


Message History

The floor, spattered with blood.
You aren't carrying any items that you can evoke. (m)acro, (M)acro raw, keymap [(k) default, (x) level-map, (t)argeting, (c)onfirm, m(e)nu], (s)ave?
Aborting.
Casting: Freeze (safe; 1% risk of failure)
Confirm with . or Enter, or press ? or * to list all spells.
You don't have enough magic to cast that spell.
You hit something. Something hits you.
* * * LOW HITPOINT WARNING * * *
You barely miss something.
You hear some strange, mumbled words.
A puff of frost appears from out of thin air!
The puff of frost misses you. Something hits you.
* * * LOW HITPOINT WARNING * * *
You closely miss something. Something hits you but does no damage.
An orc wizard comes into view. It is wielding a +0 dagger.
You hear some strange, mumbled words.
A puff of flame appears from out of thin air!
The puff of flame hits you!
You die...

#.####...##.##.# ##.#.......#
#####.)††)......##.# #....._....
......#####.###.##.# #.#.......#
###.....# #.###.##.####.#.......#
###..#..###.............##.....##
....###......##.######..####.###
###..#..#######.#####..........
#......#######.##....#..#......
#.##...........@{.##.[.##.###..
#.8.8.8.o......######.....#
#..⌠.⌠.........# ####.#.###
##8.∩.8#...###.# #......#
#.⌠.⌠.......#.# #.##.###
#8.8.8........# #.##.#
##..###.......# #.##.# ####..#
#...##..###.##.#
......###...##..#.)....###


You could see an orc wizard (wandering).

Vanquished Creatures
  A yak (D:4)
  An ice beast (D:5)
  A bullfrog (D:5)
  2 crimson imps (D:5)
  A hound (D:4)
  2 orc wizards (D:3)
  Terence (D:2)
  An iguana (D:5)
  A worker ant (D:4)
  The ghost of EnegeticOcto the Chopper, a weakling DDFi (D:4)
  2 howler monkey zombies
  7 adders
  4 gnolls (D:5)
  An ooze (D:4)
  An adder zombie (D:5)
  3 worms
  7 dart slugs
  2 leopard geckos
  14 orcs
  6 bats
  5 giant cockroaches
  7 goblins
  8 hobgoblins
  4 jackals (D:4)
  2 quokkas (D:3)
  4 frilled lizards
  7 kobolds
  8 rats
104 creatures vanquished.

Vanquished Creatures (others)
  4 toadstools (D:1)
4 creatures vanquished.

Grand Total: 108 creatures vanquished

Notes
Turn   | Place    | Note
-------+----------+-------------------------------------------
     0 | D:1      | Kagalorn the Octopode Ice Elementalist began the quest for
                  | the Orb.
     0 | D:1      | Reached XP level 1. HP: 11/11 MP: 3/3
   146 | D:1      | Reached XP level 2. HP: 3/17 MP: 1/5
  1079 | D:1      | Reached XP level 3. HP: 21/21 MP: 6/6
  1368 | D:2      | Noticed Terence
  1381 | D:2      | Killed Terence
  1459 | D:2      | Reached XP level 4. HP: 20/27 MP: 3/7
  1856 | D:2      | Noticed Sigmund
  1881 | D:2      | Reached skill level 5 in Ice Magic
  2039 | D:2      | Found a snail-covered altar of Cheibriados.
  2464 | D:2      | Learned a level 3 spell: Frozen Ramparts
  2986 | D:3      | Reached XP level 5. HP: 30/31 MP: 5/9
  2986 | D:3      | Reached skill level 1 in Axes
  3591 | D:3      | Reached XP level 6. HP: 23/36 MP: 2/10
  3800 | D:4      | Found a sacrificial altar of Ru.
  3984 | D:4      | Reached skill level 5 in Stealth
  4184 | D:4      | Found a runed translucent door.
  4187 | D:4      | Noticed a yak
  4189 | D:4      | Noticed EnegeticOcto's ghost (weakling DDFi)
  4270 | D:5      | Entered Level 5 of the Dungeon
  4383 | D:4      | Killed EnegeticOcto's ghost
  4409 | D:4      | Killed a yak
  4409 | D:4      | Reached XP level 7. HP: 11/41 MP: 0/12
  4747 | D:5      | Found a shimmering altar of Xom.
  4779 | D:5      | Found Dil Cusk's Armour Shop.
  5048 | D:5      | HP: 1/41 [something/puff of frost (8)]
  5052 | D:5      | Killed from afar by an orc wizard

Illustrated notes

Levels and vault maps discovered:
D:1:      ldierk_walled_garden_2, layout_basic, minmay_strange_pillars,
          minivault_25, serial_bayou_pond_b, nrook_campfire
D:2:      layout_basic, kennysheep_slug_shrine, uniq_sigmund, uniq_terence
D:3:      layout_basic, kennysheep_generic_room_2
D:4:      layout_rooms, nicolae_overflow_hidden_temple, first_ration,
          ebering_ghost_inner_flame
D:5:      layout_loops_ring, old_standard_altar, lemuel_coloured_pillars_altar,
          basic_altar, serial_shops,
          nicolae_shop_temple_entry_statues_fountains, tgw_trog

Skill      XL: |  1  2  3  4  5  6  7 |
---------------+----------------------+-----
Stealth        | 3 4 5 6 |  6.1
Ice Magic      | 5 6 |  6.9
Axes           | 1 2 3 |  3.0
Spellcasting   | 3 4 |  4.0
Dodging        | |  2.0

Action                   |  1- 3 |  4- 6 |  7- 9 || total
-------------------------+-------+-------+-------++-------
Melee: Unarmed           |    18 |       |       ||    18
       Constrict         |     9 |    32 |     3 ||    44
       Tentacles         |     5 |    16 |     2 ||    23
       Hand axe          |     5 |    99 |       ||   104
       War axe           |       |       |    25 ||    25
Throw: Dart              |       |     4 |       ||     4
 Cast: Freeze            |    24 |    18 |     3 ||    45
       Frozen Ramparts   |       |    14 |     2 ||    16
  Use: Scroll            |       |     2 |       ||     2
       Potion            |       |       |     3 ||     3
 Stab: Sleeping          |     3 |     8 |     3 ||    14
       Distracted        |       |     1 |     1 ||     2
  Eat: Chunk             |     1 |    10 |     2 ||    13
Armor: Skin              |     1 |    12 |     5 ||    18
Dodge: Dodged            |    29 |    86 |    17 ||   132
